 Dungeon Crawl Stone Soup version 0.31-a0-1405-g2bb1a01 (webtiles) character file.

Game seed: 2999491341407440945

57674 Meow the Devastator (level 14, -14/144 HPs)
             Began as a Naga Conjurer on Dec 25, 2023.
             Was a High Priest of Sif Muna.
             Killed from afar by a molten gargoyle (25 damage)
             ... with a bolt of magma
             ... on level 5 of the Lair of Beasts.
             The game lasted 01:20:59 (20750 turns).

Meow the Devastator (Naga Conjurer)                Turns: 20750, Time: 01:20:59

Health: -14/144    AC:  9    Str: 17    XL:     14   Next: 87%
Magic:  1/32       EV:  9    Int: 30    God:    Sif Muna [*****.]
Gold:   1119       SH:  0    Dex: 13    Spells: 22/41 levels left

rFire   . . .        a - +9 mace "Vok Efof" {flame, Will+ Str+7 Dex-2 Stlth+}
rCold   . . .        (no shield)
rNeg    . . .        N - +0 troll leather armour
rPois   +            V - +2 hat
rElec   .            M - +0 cloak
rCorr   .            (no gloves)
SInv    +            (no barding)
Will    ++...        (no amulet)
Stlth   +++          k - +6 ring of intelligence
HPRegen 1.24/turn    D - +6 ring of dexterity
MPRegen 0.23/turn

%: no passive effects
@: very slow
A: AC +4, large, see invisible, deformed body, poison resistance, slowness 2,
spit poison 1, naga tail 2
a: Spit Poison, Renounce Religion, Channel Magic, Forget Spell, Divine Exegesis


You were on level 5 of the Lair of Beasts.
You worshipped Sif Muna.
Sif Muna was extremely pleased with you.
You visited 3 branches of the dungeon, and saw 18 of its levels.
You also visited: Sewer.

You collected 1189 gold pieces.
You spent 70 gold pieces at shops.

Inventory:

Hand Weapons
 a - the +9 mace "Vok Efof" (weapon) {flame, Will+ Str+7 Dex-2 Stlth+}
   (You found it on level 2 of the Dungeon)

   Str+7:     It affects your strength (+7).
   Dex-2:     It affects your dexterity (-2).
   Will+:     It increases your willpower.
   Stlth+:    It makes you more stealthy.
 b - a +0 shortbow
Missiles
 q - 59 poisoned darts
 x - 8 javelins
 H - 3 throwing nets
Armour
 h - a +0 buckler
 y - a +0 helmet
 M - a +0 cloak (worn)
 N - a +0 troll leather armour (worn)
 P - an orb of wrath
 T - the orb of Daavaff {*Rage, ^Drain Regen+ Hexes Tloc}
   (You found it on level 2 of the Lair of Beasts)

   Regen+:    It increases your rate of health regeneration.
   ^Drain:    It drains your maximum health when unequipped.
   Hexes:     It increases the power of your Hexes spells.
   Tloc:      It increases the power of your Translocations spells.
 V - a +2 hat (worn)
Magical Staves
 L - a staff of conjuration
Jewellery
 k - a +6 ring of intelligence (left hand)
 C - a ring of flight
 D - a +6 ring of dexterity (right hand)
 Y - an amulet of the acrobat
Wands
 j - a wand of mindburst (8)
 z - a wand of quicksilver (20)
 A - a wand of charming (18)
 R - a wand of flame (33)
 S - a wand of iceblast (3)
Scrolls
 e - a scroll of amnesia
 i - 4 scrolls of immolation
 p - a scroll of silence
 w - a scroll of revelation
 B - a scroll of teleportation
 E - 2 scrolls of enchant armour
 G - 4 scrolls of brand weapon
 J - a scroll of poison
 K - a scroll of blinking {unknown}
 Q - a scroll of vulnerability {unknown}
 W - 2 scrolls of enchant weapon
 X - a scroll of fear {unknown}
 Z - 2 scrolls of identify
Potions
 c - a potion of attraction {unknown}
 d - 5 potions of brilliance
 f - 3 potions of berserk rage
 g - a potion of degeneration {unknown}
 l - 3 potions of enlightenment
 m - 3 potions of lignification
 n - a potion of ambrosia {unknown}
 o - 3 potions of haste {unknown}
 s - 5 potions of mutation
 t - 2 potions of experience {unknown}
 u - 3 potions of might {unknown}
 v - 2 potions of cancellation {unknown}
 F - 3 potions of invisibility {unknown}
 I - 2 potions of magic
 O - 3 potions of resistance {unknown}
 U - 4 potions of curing
Miscellaneous
 r - a sack of spiders (inert)


   Skills:
 - Level 14.0 Fighting
 - Level 1.5 Dodging
 - Level 3.0 Stealth
 + Level 14.0 Spellcasting
 + Level 16.1 Conjurations


You had 22 spell levels left.
You knew the following spells:

 Your Spells              Type           Power      Damage    Failure   Level
a - Magic Dart            Conj           100%       1d8       0%          1
b - Searing Ray           Conj           100%       2d8       0%          2
c - Mephitic Cloud        Conj/Alch/Air  52%        N/A       1%          3
f - Freezing Cloud        Conj/Ice/Air   26%        6-21      9%          5
B - Iskenderun's Mystic   Conj/Tloc      62%        2d13      1%          4
F - Fulminant Prism       Conj/Alch      31%        3d16      1%          4

Your spell library contained the following spells:

 Spells                   Type           Power      Damage    Failure   Level
 Kiss of Death            Conj/Necr      100%       2d13      1%          1
 Sting                    Conj/Alch      100%       1d9       1%          1
 Hailstorm                Conj/Ice       62%        3d11      1%          3
 Apportation              Tloc           42%        N/A       2%          1
 Freeze                   Ice            84%        1d9       2%          1
 Necrotise                Necr           84%        1d8       2%          1
 Summon Small Mammal      Summ           84%        N/A       2%          1
 Arcjolt                  Conj/Air       31%        1d41      3%          5
 Blink                    Tloc           42%        N/A       4%          2
 Call Imp                 Summ           42%        N/A       4%          2
 Mercury Vapours          Alch/Air       42%        N/A       4%          2
 Call Canine Familiar     Summ           21%        N/A       9%          3
 Confusing Touch          Hex            21%        N/A       9%          3
 Frozen Ramparts          Ice            42%        1d7       9%          3
 Summon Guardian Golem    Hex/Summ       21%        N/A       9%          3
 Vampiric Draining        Necr           21%        2d7       9%          3
 Dispel Undead            Necr           21%        3d11      28%         4
 Summon Ice Beast         Ice/Summ       21%        N/A       28%         4
 Vhi's Electric Charge    Tloc/Air       42%        N/A       28%         4
 Agony                    Necr           21%        N/A       61%         5
 Summon Forest            Summ/Tloc      10%        N/A       61%         5
 Summon Mana Viper        Hex/Summ       21%        N/A       61%         5
 Summon Cactus Giant      Summ           10%        N/A       99%         6
 Monstrous Menagerie      Summ           10%        N/A       100%        7
 Maxwell's Capacitive Co  Air            10%        ∞         100%        8


Dungeon Overview and Level Annotations

Branches:
Dungeon (12/15)            Temple (1/1) D:7            Lair (5/5) D:11
  Swamp (0/4) Lair:2        Snake (0/4) Lair:2        Slime (0/5) Lair:4
  Sewer (visited)
    Orc: D:9-12

Altars:
Ashenzari
Cheibriados
Dithmenos
Elyvilon
Fedhas
Gozag
Hepliaklqana
Kikubaaqudgha
Makhleb
Nemelex Xobeh
Okawaru
Qazlal
Ru
Sif Muna
Trog
Uskayaw
Vehumet
Wu Jian
Xom
Yredelemnul
Zin
The Shining One
Jiyva

Shops:
D:3 !   D:12 [:

Portals:
Abyss: D:7

Annotations:
D:7 2 transporters, dontdoit's ghost, novice OnAE
D:11 Snorg
D:12 Rupert
Lair:3 Fannar


Innate Abilities, Weirdness & Mutations

Your serpentine skin is tough. (AC +4)
You have supernaturally acute eyesight. (SInv)
Armour fits poorly on your strangely shaped body.
Your system is resistant to poisons. (rPois)
You cover ground very slowly.
You can spit poison.
You can use your snake-like lower body to constrict enemies.


Message History

The molten gargoyle blasts magma at you!
The bolt of magma hits you!
Unknown command.
Casting: Freezing Cloud (dangerous; 9% risk of failure)
Confirm with . or Enter, or press ? or * to list all spells.
Okay, then.
You reach into the sack... ...and things crawl out!
The molten gargoyle evades a web.
The sack is emptied!
The molten gargoyle blasts magma at you!
The bolt of magma hits you!
* * * LOW HITPOINT WARNING * * *
The bolt of magma hits your scorpion!!
Your scorpion dies!
Your scorpion's corpse disappears in a puff of smoke!
Okay, then.
Unknown command.
Aiming: Iceblast
Press: ? - help, Shift-Dir - straight line, f - scorpion, p - molten gargoyle
Aim: a scorpion (summoned, friendly)
The mass of ice explodes!
The iceblast engulfs your scorpion!
Your scorpion is heavily wounded.
The iceblast engulfs the molten gargoyle but does no damage.
The molten gargoyle is severely damaged.
Your scorpion disappears in a puff of smoke!
You hear an angry hiss.
The molten gargoyle hits you with a +0 mace!
* * * LOW HITPOINT WARNING * * *
You are engulfed in flames!
* * * LOW HITPOINT WARNING * * *
Unknown command.
Unknown command.
Unknown command.
Aiming: Iceblast
Press: ? - help, Shift-Dir - straight line The mass of ice explodes!
The iceblast engulfs the molten gargoyle.
The molten gargoyle is severely damaged.
The molten gargoyle blasts magma at you!
The bolt of magma hits you!!
You die...

##### #######
###.#.########.##..# ##########
#P.#...#......#....###.#....#P.
##.P...........................
##P.................#######..##
#..................## #####
#.................## #
##...............##
#..........§.@..#
##.......§.§§9..## #
#.........§§§.### ##≈≈
##........§§### #≈≈≈≈
##.......^§## ####§§.h.
#P........9†###........
#..........#†9.).......
#.........#.#†††.†....#
#.........#####......#≈


You could see 2 molten gargoyles.

Vanquished Creatures
  Gastronok (Lair:1)
  Harold (D:11)
  5 hydras
  A catoblepas (Lair:5)
  2 ghost crabs (Lair:2)
  Erolcha (D:11)
  18 death yaks
  A skyshark (Lair:2)
  Amaemon (Lair:1)
  3 lindwurms
  A spectral hydra (Lair:2)
  A deep elf pyromancer (D:12)
  2 oklob plants
  A manticore (D:12)
  15 elephants (Lair:4)
  Maurice (D:7)
  3 cyclopes
  3 black mambas (Lair:5)
  9 cane toads
  A molten gargoyle (Lair:5)
  A gargoyle (D:12)
  An orange demon (Lair:1)
  An unseen horror (D:10)
  8 komodo dragons
  A rime drake (Lair:5)
  The ghost of dhlexpress the Apothecary, a novice VSAl (D:4)
  5 trolls
  A polar bear (Lair:3)
  19 blink frogs
  4 dream sheep (Lair:3)
  Prince Ribbit (D:5)
  A spectral lindwurm (Lair:2)
  2 vampires
  4 wraiths
  17 yaks
  11 wyverns
  4 basilisks
  6 steam dragons
  Eustachio (D:5)
  2 spectral cane toads (Lair:2)
  A vampire mosquito (D:9)
  2 acid dragons
  16 water moccasins
  4 hell hounds (Lair:5)
  A spectral polar bear (Lair:2)
  7 orc warriors
  5 ice beasts
  A black bear (Lair:3)
  2 ogres
  9 centaurs
  9 wolves
  4 phantoms
  4 kobold brigands
  14 bullfrogs
  2 gnoll sergeants
  4 scorpions
  3 necrophages (D:5)
  11 wights
  4 killer bees (D:6)
  3 electric eels (D:8)
  A spectral wolf (Lair:2)
  7 howler monkeys
  3 hounds
  A centaur zombie (D:5)
  2 jellies (D:7)
  2 bombardier beetles
  5 orc priests
  2 gnoll boudas
  A sleepcap (D:4)
  5 iguanas
  14 orc wizards
  Natasha (thrice) (D:3)
  A scorpion zombie (D:5)
  20 gnolls
  10 adders
  A river rat (Sewer)
  2 white imps
  An adder zombie (D:5)
  6 worms
  2 dart slugs
  26 orcs
  6 endoplasms
  8 goblins
  5 hobgoblins
  4 jackals (D:1)
  26 kobolds
  6 quokkas
  11 ball pythons
  4 bats
  4 frilled lizards
  6 rats
463 creatures vanquished.

Vanquished Creatures (others)
  A human (D:6)
  68 fulminant prisms
69 creatures vanquished.

Grand Total: 532 creatures vanquished

Notes
Turn   | Place    | Note
-------+----------+-------------------------------------------
     0 | D:1      | Meow the Naga Conjurer began the quest for the Orb.
     0 | D:1      | Reached XP level 1. HP: 15/15 MP: 3/3
   335 | D:1      | Reached XP level 2. HP: 22/22 MP: 0/5
   343 | D:1      | Learned a level 2 spell: Searing Ray
   638 | D:1      | Reached XP level 3. HP: 28/28 MP: 4/6
  1631 | D:2      | Identified the +9 mace "Vok Efof" {flame, Will+ Str+7 Dex-2
                  | Stlth+}
  1758 | D:2      | Reached XP level 4. HP: 36/36 MP: 6/8
  2169 | D:3      | Reached skill level 5 in Conjurations
  2350 | D:3      | Found a glowing drain.
  2364 | Sewer    | Entered a sewer
  2464 | Sewer    | Reached XP level 5. HP: 42/42 MP: 6/10
  2653 | Sewer    | Noticed a kobold brigand
  2664 | Sewer    | Killed a kobold brigand
  3002 | D:3      | Found Xetasuyny's Distillery.
  3020 | D:3      | Bought a potion of heal wounds for 70 gold pieces
  3133 | D:3      | Noticed Natasha
  3136 | D:3      | Killed Natasha
  3137 | D:3      | Reached XP level 6. HP: 49/49 MP: 9/12
  3381 | D:3      | Noticed Natasha
  3385 | D:3      | Killed Natasha
  3452 | D:3      | Noticed Natasha
  3456 | D:3      | Killed Natasha
  3504 | D:4      | Noticed dhlexpress's ghost (novice VSAl)
  3507 | D:4      | Found a runed translucent door.
  3589 | D:4      | Reached skill level 6 in Conjurations
  3856 | D:4      | Reached XP level 7. HP: 55/55 MP: 11/14
  3858 | D:4      | Reached skill level 5 in Spellcasting
  3900 | D:4      | Reached skill level 7 in Conjurations
  3905 | D:4      | Learned a level 4 spell: Iskenderun's Mystic Blast
  3910 | D:4      | Learned a level 4 spell: Fulminant Prism
  4257 | D:5      | Entered Level 5 of the Dungeon
  4455 | D:5      | Reached XP level 8. HP: 42/62 MP: 11/16
  4709 | D:5      | Reached skill level 8 in Conjurations
  4836 | D:5      | Noticed Eustachio
  4903 | D:5      | Killed Eustachio
  5080 | D:5      | Found Joclug's General Store.
  5104 | D:5      | Found a blossoming altar of Fedhas.
  5235 | D:5      | Noticed Prince Ribbit
  5241 | D:5      | Killed Prince Ribbit
  5242 | D:5      | Reached skill level 9 in Conjurations
  5678 | D:5      | Reached XP level 9. HP: 68/68 MP: 2/19
  5787 | D:4      | Killed dhlexpress's ghost
  6167 | D:6      | Reached skill level 10 in Conjurations
  6167 | D:6      | Reached skill level 1 in Fighting
  6599 | D:6      | Found an ancient bone altar of Kikubaaqudgha.
  7075 | D:6      | Reached skill level 5 in Fighting
  7147 | D:6      | Found a bloodstained altar of Trog.
  7257 | D:6      | Reached XP level 10. HP: 78/91 MP: 1/22
  7491 | D:7      | Found a transporter.
  7491 | D:7      | Found a one-way gate to the infinite horrors of the Abyss.
  7491 | D:7      | Noticed dontdoit's ghost (novice OnAE)
  7654 | D:7      | Noticed Maurice
  7659 | D:7      | Maurice stole 30 poisoned darts
  7665 | D:7      | Killed Maurice
  7893 | D:7      | You fall into a shaft and drop 3 floors!
  7893 | D:10     | Entered Level 10 of the Dungeon
  8202 | D:9      | Found a shimmering blue altar of Sif Muna.
  8264 | D:9      | Became a worshipper of Sif Muna the Loreminder
  8660 | D:9      | Reached XP level 11. HP: 63/106 MP: 2/23
  8715 | D:9      | Learned a level 3 spell: Mephitic Cloud
  8721 | D:9      | Learned a level 5 spell: Freezing Cloud
  9236 | D:9      | Reached * piety under Sif Muna
  9558 | D:9      | Found a sparkling altar of Nemelex Xobeh.
  9561 | D:9      | Found a broken altar of Ashenzari.
  9565 | D:9      | Found an iron altar of Okawaru.
  9567 | D:9      | Found a shadowy altar of Dithmenos.
  9568 | D:9      | Found a shimmering altar of Xom.
  9656 | D:8      | Reached skill level 11 in Conjurations
 10731 | D:7      | Found a transporter.
 10802 | D:7      | Noticed a sixfirhy
 10942 | D:7      | Found a staircase to the Ecumenical Temple.
 10948 | Temple   | Entered the Ecumenical Temple
 11236 | D:10     | Reached ** piety under Sif Muna
 11426 | D:10     | Reached skill level 10 in Fighting
 11765 | D:11     | Noticed Erolcha
 11772 | D:11     | Killed Erolcha
 11818 | D:11     | Reached skill level 10 in Spellcasting
 11872 | D:11     | Noticed Harold
 11994 | D:11     | Killed Harold
 11995 | D:11     | Reached skill level 12 in Conjurations
 12005 | D:11     | Noticed a cyclops
 12006 | D:11     | Noticed Snorg
 12020 | D:11     | Noticed a death yak
 12068 | D:11     | Killed a cyclops
 12081 | D:11     | Noticed a cyclops
 12090 | D:11     | Killed a cyclops
 12091 | D:11     | Reached XP level 12. HP: 49/120 MP: 6/26
 12702 | D:12     | Found Yrauhof's Tremendous Tomes.
 12968 | D:12     | Found Harar's Antique Armour Shop.
 13325 | D:12     | Noticed Rupert
 13518 | D:11     | Noticed a death yak
 13519 | D:11     | Found a staircase to the Lair.
 13584 | D:11     | Killed a death yak
 13694 | D:11     | Noticed a death yak
 13698 | D:11     | Noticed a death yak
 13704 | D:11     | Noticed a death yak
 13704 | D:11     | Noticed a death yak
 13897 | D:11     | Killed a death yak
 13901 | D:11     | Killed a death yak
 14163 | Lair:1   | Entered Level 1 of the Lair of Beasts
 14318 | Lair:1   | Noticed Gastronok
 14445 | Lair:1   | Reached *** piety under Sif Muna
 14559 | Lair:1   | Killed Gastronok
 14560 | Lair:1   | Reached skill level 13 in Conjurations
 14560 | Lair:1   | Gained mutation: You can use your snake-like lower body to
                  | constrict enemies. [Naga growth]
 14560 | Lair:1   | Reached XP level 13. HP: 129/133 MP: 16/28
 14641 | Lair:1   | Noticed Amaemon
 14648 | Lair:1   | Killed Amaemon
 15446 | Lair:2   | Identified the orb of Daavaff {*Rage, ^Drain Regen+ Hexes
                  | Tloc}
 15769 | Lair:2   | Identified the +8 sling of a bailey {antimagic, rPois}
 16274 | Lair:2   | Found a staircase to the Snake Pit.
 16566 | Lair:2   | Found a staircase to the Swamp.
 17720 | Lair:3   | Noticed Fannar
 17786 | Lair:3   | Reached skill level 14 in Conjurations
 18376 | Lair:4   | Reached XP level 14. HP: 144/144 MP: 17/30
 18545 | Lair:4   | Reached **** piety under Sif Muna
 18749 | Lair:4   | Reached skill level 15 in Conjurations
 19044 | Lair:4   | Found a viscous altar of Jiyva.
 19046 | Lair:4   | Found a staircase to the Slime Pits.
 19809 | Lair:5   | Entered Level 5 of the Lair of Beasts
 20708 | Lair:5   | Reached skill level 16 in Conjurations
 20734 | Lair:5   | Reached ***** piety under Sif Muna
 20750 | Lair:5   | Killed from afar by a molten gargoyle

Illustrated notes

Levels and vault maps discovered:
D:1:      dpeg_arrival_arbitrary_b, layout_loops_ring, serial_bayou_crossing
D:2:      layout_basic
D:3:      layout_loops_ring, cheibrodos_sewer_entry_bend, serial_shops, shop,
          grunt_decor_arrowhead, uniq_natasha
D:4:      layout_rooms, hellmonk_ghost_happy_afterlife, minmay_three_crescents
D:5:      layout_cave_pods, fedhas_altar_decomposition, serial_shops, shop,
          uniq_eustachio, uniq_prince_ribbit1
D:6:      nicolae_whirlpool, layout_basic, tgw_kikubaaqudgha, trog_book,
          billiards_dpeg
D:7:      layout_basic, minmay_temple_entry_enclosed_plants,
          gammafunk_ghost_abyssal_escape, hangedman_decor_clover_reticule,
          nicolae_nh_ransacked_shop, uniq_maurice
D:8:      layout_rooms, kennysheep_cross_bottleneck,
          chequers_serial_rivers_large_a, serial_bayou_ford_a
D:9:      hangedman_cross_stitches, layout_loops_corners, minitemple,
          mainiacjoe_overflow_chevrons, nrook_mini_backslash, grunt_ministairs_2
D:10:     layout_roguey
D:11:     layout_rooms, dpeg_lair_monsters, uniq_harold, uniq_snorg,
          uniq_erolcha
D:12:     layout_irregular_city, orc_0_dummy, serial_shops, shop,
          minmay_crystal_room, nicolae_shop_i_like_big_books, uniq_rupert
Temple:   cyrus_circular_temple
Lair:1:   layout_hall_layers, grunt_megastairs_3, uniq_amaemon, uniq_gastronok
Lair:2:   layout_hall_layers, nicolae_swamp_entry_spooky, dummy_snake_entry,
          nicolae_lair_lindhole, serial_bayou_shore_a, lemuel_fruit_tree
Lair:3:   layout_cellular_growth, uniq_fannar
Lair:4:   layout_roguey, minmay_slime_entry_oklob_enclosed,
          infiniplex_staircase_pool
Lair:5:   cheibrodos_lair_end_hotspot, layout_small_grid

Skill      XL: |  1  2  3  4  5  6  7  8  9 10 11 12 13 14 |
---------------+-------------------------------------------+-----
Spellcasting   | 3 4 5 7 8 10 11 12 14 | 14.0
Conjurations   | 5 6 7 9 10 12 13 14 16 | 16.1
Fighting       | 5 9 11 13 14 | 14.0
Dodging        | |  1.5
Stealth        | |  3.0

Action                     |  1- 3 |  4- 6 |  7- 9 | 10-12 | 13-15 || total
---------------------------+-------+-------+-------+-------+-------++-------
  Melee: Short sword       |     5 |       |       |       |       ||     5
         Mace              |       |     5 |    21 |    58 |    75 ||   159
         Punch             |       |       |       |     2 |     4 ||     6
         Constrict         |       |       |       |       |    16 ||    16
   Fire: Shortbow          |       |       |    17 |       |       ||    17
   Cast: Magic Dart        |    33 |    32 |    24 |    32 |    14 ||   135
         Searing Ray       |     6 |    22 |    51 |   124 |    52 ||   255
         Fulminant Prism   |       |       |     6 |    46 |    16 ||    68
         Iskenderun's Myst |       |       |     3 |     9 |    16 ||    28
         Freezing Cloud    |       |       |       |    14 |    90 ||   104
Ability: Spit Poison       |    22 |    33 |    28 |    77 |    13 ||   173
  Evoke: Wand              |       |       |       |     3 |     2 ||     5
         Sack of spiders   |       |       |       |       |     1 ||     1
    Use: Scroll            |       |       |     6 |    10 |     6 ||    22
         Potion            |       |       |       |     8 |       ||     8
 Armour: Robe              |    10 |    12 |    57 |    62 |       ||   141
         Troll leather arm |       |       |       |   209 |   189 ||   398
  Dodge: Dodged            |     8 |     9 |    42 |   106 |    72 ||   237

Table legend: (Time is in decaauts)
 A = Elapsed time spent in this place.
 B = Non-inter-level travel time spent in this place.
 C = Inter-level travel time spent in this place.
 D = Time resting spent in this place.
 E = Time spent auto-exploring this place.
 F = Levels seen in this place.
 G = Mean time per level.
                   A        B        C        D        E       F      G
               +--------+--------+--------+--------+--------+-----+--------+
         Total |  25720 |  24897 |    823 |   6621 |  13585 |  19 | 1353.7 |
       Dungeon |  17083 |  16495 |    588 |   4090 |   9212 |  12 | 1423.6 |
        Temple |      1 |      1 |      0 |      0 |      0 |   1 |    1.0 |
          Lair |   8081 |   7846 |    235 |   2377 |   4118 |   5 | 1616.2 |
         Sewer |    553 |    553 |      0 |    154 |    254 |   1 |  553.0 |
               +--------+--------+--------+--------+--------+-----+--------+

Top non-repeatable levels by time:
     D:9: 2133 daAuts
     D:5: 1915 daAuts
     D:6: 1911 daAuts
  Lair:4: 1908 daAuts
  Lair:2: 1867 daAuts
  Lair:3: 1745 daAuts
  Lair:1: 1574 daAuts
    D:11: 1477 daAuts
     D:7: 1402 daAuts
     D:3: 1364 daAuts
     D:1: 1322 daAuts
    D:12: 1312 daAuts
     D:2: 1260 daAuts
     D:8: 1163 daAuts
     D:4: 1032 daAuts
